 Dungeon Crawl Stone Soup version 0.27.1-2-g3b301248ec (webtiles) character file.

Game seed: 6429107452608645904

213 Crownlay the Skirmisher (level 5, -3/53 HPs)
             Began as a Minotaur Monk on Oct 2, 2021.
             Slain by a gnoll (13 damage)
             ... on level 4 of the Dungeon.
             The game lasted 00:06:04 (3281 turns).

Crownlay the Skirmisher (Minotaur Monk)             Turns: 3281, Time: 00:06:04

Health: -3/53      AC:  8    Str: 16    XL:     5   Next: 59%
Magic:  4/4        EV:  7    Int:  7    God:
Gold:   112        SH:  0    Dex: 13    Spells: 4/4 levels left

rFire    . . .     SeeInvis .   a - +0 falchion
rCold    . . .     Faith    .   (no shield)
rNeg     . . .     Spirit   .   h - +0 chain mail
rPois    .         Reflect  .   (helmet restricted)
rElec    .         Harm     .   (no cloak)
rCorr    .         Rampage  .   (no gloves)
Will     .....                  (no boots)
Stlth    ..........             (no amulet)
HPRegen  0.17/turn              (no ring)
MPRegen  0.09/turn              (no ring)

@: no status effects
A: horns 2, retaliatory headbutt
a: no special abilities


You were on level 4 of the Dungeon.
You visited 1 branch of the dungeon, and saw 4 of its levels.

You collected 112 gold pieces.

Inventory:

Hand Weapons
 a - a +0 falchion (weapon)
Missiles
 b - 7 silver boomerangs (quivered)
Armour
 h - a +0 chain mail (worn)
Wands
 i - a wand of iceblast (9)
Scrolls
 e - a scroll of enchant armour {unknown}
 f - a scroll of brand weapon {unknown}
 g - 2 scrolls of silence {unknown}
 l - a scroll of identify {unknown}
Potions
 c - 2 potions of lignification {unknown}
 d - a potion of curing {unknown}
 j - a potion of heal wounds {unknown}
 k - a potion of degeneration {unknown}


   Skills:
 + Level 7.7 Fighting
 - Level 3.6 Long Blades
 - Level 3.2 Dodging
 - Level 1.5 Stealth


You had 4 spell levels left.
You didn't know any spells.
Your spell library was empty.

Dungeon Overview and Level Annotations

Branches:
Dungeon (4/15)
 Temple: D:4-7

Altars:
Sif Muna


Innate Abilities, Weirdness & Mutations

You have a pair of horns on your head.
You reflexively headbutt those who attack you in melee.


Message History

2 gnolls come into view.
The gnoll shouts! x2
You hear the slow rusting of a distant drain.
A gnoll comes into view. It is wielding a +0 club.
A hobgoblin comes into view.
The gnoll shouts!
The hobgoblin shouts!
Hit: a) +0 falchion
Press: ? - help, Dir - move target, f - gnoll
Aim: a gnoll, wielding a +0 club (about 36% to evade your +0 falchion)
Okay, then.
You completely miss the gnoll.
The gnoll hits you from afar with a +0 halberd.
The gnoll hits you with a +0 club.
You slash the gnoll!
The gnoll is severely wounded.
The gnoll hits you with a +0 club.
You closely miss the gnoll.
The gnoll is severely wounded.
The gnoll hits you with a +0 club.
You hit the gnoll. You headbutt the gnoll.
You kill the gnoll!
You hit the gnoll but do no damage. The gnoll hits you with a +0 club.
The gnoll hits you from afar with a +0 halberd!
You completely miss the gnoll. Your headbutt misses the gnoll.
The gnoll hits you with a +0 club.
The gnoll hits you from afar with a +0 halberd.
The gnoll closely misses you.
You riposte.
You closely miss the gnoll. You barely miss the gnoll.
The gnoll hits you but does no damage. x2
The hobgoblin hits you but does no damage.
You hit the gnoll but do no damage.
The gnoll hits you from afar with a +0 halberd!
* * * LOW HITPOINT WARNING * * *
The gnoll hits you with a +0 club.
* * * LOW HITPOINT WARNING * * *
The hobgoblin hits you.
* * * LOW HITPOINT WARNING * * *
Your chain mail prevents you from hitting the gnoll.
Your headbutt misses the gnoll.
The gnoll hits you from afar with a +0 halberd!
You die...

#.................##
#......
..##..............#
##....... .#
##............##
##........ #
###..........#
#.........
###.......##
##.........
###....##
##.......... ##..###
#...........
###..###..........#
##.@gg..........#
###g..........##
#..........##
#.........##
##.......##
#......## ########


You could see 2 gnolls and a hobgoblin.

Vanquished Creatures
  An ogre (D:3)
  A gnoll (D:4)
  4 adders
  3 worms
  2 dart slugs (D:2)
  An orc (D:3)
  6 endoplasms
  A giant cockroach (D:3)
  7 goblins
  9 hobgoblins
  5 jackals
  5 kobolds
  2 quokkas
  6 ball pythons
  2 bats
  5 frilled lizards
  9 rats
69 creatures vanquished.

Vanquished Creatures (others)
  2 plants (D:2)
2 creatures vanquished.

Grand Total: 71 creatures vanquished

Notes
Turn   | Place    | Note
-------+----------+-------------------------------------------
     0 | D:1      | Crownlay the Minotaur Monk began the quest for the Orb.
     0 | D:1      | Reached XP level 1. HP: 19/19 MP: 0/0
   183 | D:1      | Reached skill level 4 in Fighting
   222 | D:1      | Reached XP level 2. HP: 22/28 MP: 1/1
  1174 | D:1      | Reached skill level 5 in Fighting
  1285 | D:1      | Found a faded altar of an unknown god.
  1393 | D:1      | Reached XP level 3. HP: 31/36 MP: 2/2
  1974 | D:2      | Found a shimmering blue altar of Sif Muna.
  2134 | D:2      | Reached skill level 6 in Fighting
  2134 | D:2      | Reached XP level 4. HP: 44/44 MP: 3/3
  2497 | D:3      | Noticed an ogre
  2507 | D:3      | Killed an ogre
  2508 | D:3      | Reached skill level 7 in Fighting
  2508 | D:3      | Reached XP level 5. HP: 24/52 MP: 4/4
  3281 | D:4      | Slain by a gnoll

Illustrated notes

Levels and vault maps discovered:
D:1:      onia_arrival_handbag, layout_loops_corners,
          dreamdust_ecumenical_altar_statues
D:2:      layout_loops_ring, basic_altar, serial_bayou_lagoon_b
D:3:      layout_loops_ring
D:4:      layout_cave_pods, mainiacjoe_overflow_small_starburst,
          portal_sewer_entry_d, grunt_decor_resistance

Skill      XL: |  1  2  3  4 |
---------------+-------------+-----
Fighting       | 4 5 6 7 |  7.7
Long Blades    | |  3.6
Dodging        | |  3.2
Stealth        | |  1.5

Action                   |  1- 3 |  4- 6 || total
-------------------------+-------+-------++-------
Melee: Falchion          |   100 |    57 ||   157
       Headbutt          |    16 |    16 ||    32
Throw: Boomerang         |       |     1 ||     1
 Stab: Sleeping          |     2 |       ||     2
       Distracted        |     1 |       ||     1
Armor: Robe              |    10 |       ||    10
       Leather armour    |     9 |       ||     9
       Chain mail        |     6 |    23 ||    29
Dodge: Dodged            |    61 |    17 ||    78
       Rpst.: Falchion   |    15 |     8 ||    23
